[Event "CHN-chW 2019"]
[Site "Xinghua"]
[Date "2019.05.13"]
[Round "3.11"]
[White "Xiao, Yiyi"]
[Black "Ni, Shiqun"]
[Result "1-0"]
[ECO "D46"]
[WhiteElo "2290"]
[BlackElo "2439"]
[Annotator "ChessBase"]
[PlyCount "73"]
[EventDate "2019.05.11"]
[EventType "tourn"]
[EventCountry "CHN"]
[SourceTitle "playchess.com"]
[Source "ChessBase"]
[SourceQuality "1"]
[TimeControl "5400+30"]

1. Nf3 d5 2. d4 Nf6 3. c4 c6 4. Nc3 e6 5. e3 Nbd7 6. Qc2 Bd6 7. Be2 O-O 8. O-O dxc4 9. Bxc4 b5 10. Be2 Bb7 11. Rd1 Qc7 12. e4 e5 13. Bg5 exd4 14. Rxd4 Ne5 15. Bxf6 gxf6 16. g3 Nxf3+ 17. Bxf3 Be5 18. Rd3 Rad8 19. Rad1 Bc8 20. Qd2 Rxd3 21. Qxd3 Be6 22. a3 Qb6 23. Kg2 a5 24. Ne2 Bxb2 25. Nf4 Bc4 26. Qd2 Be5 27. Nh5 Qc7 28. Bg4 f5 29. Qg5+ Kh8 30. Qh6 Rg8 31. Bxf5 Rg6 32. Bxg6 fxg6 33. Qf8+ Bg8 34. Rd8 Qxd8 35. Qxd8 gxh5 36. Qxa5 Bd4 37. f4 1-0

[Event "CHN-chW 2019"]
[Site "Xinghua"]
[Date "2019.05.14"]
[Round "4.7"]
[White "Guo, Qi"]
[Black "Chu, Ruotong"]
[Result "1-0"]
[ECO "D20"]
[WhiteElo "2361"]
[BlackElo "2180"]
[Annotator "NA RC"]
[PlyCount "73"]
[EventDate "2019.05.11"]
[EventType "tourn"]
[EventCountry "CHN"]
[SourceTitle "playchess.com"]
[Source "ChessBase"]
[SourceQuality "1"]
[TimeControl "5400+30"]

1. d4 d5 2. c4 dxc4 3. e4 e5 4. Nf3 exd4 5. Bxc4 Bb4+ 6. Nbd2 Nc6 7. O-O Nf6 8. e5 Nd5 9. Nb3 Be7 10. Nbxd4 Nxd4 11. Qxd4 Nb6 12. Bb3 Qxd4 13. Nxd4 O-O 14. a4 c5 15. Nb5 Be6 16. Bxe6 fxe6 17. Nc7 Rac8 18. Nxe6 Rf5 19. Re1 Nc4 20. f4 h5 21. a5 Kf7 22. Nxg7 Kxg7 23. b3 Nd6 24. exd6 Bxd6 25. Bb2+ Kf7 26. Rad1 Bxf4 27. Rd7+ Kf8 28. Rxb7 Rc7 29. a6 Rcf7 30. g3 Be3+ 31. Rxe3 Rf1+ 32. Kg2 R1f2+ 33. Kh3 Rxb2 34. Rc3 Rff2 35. Kh4 Rxh2+ 36. Kg5 Rhd2 37. Rxc5 1-0

[Event "CHN-chW 2019"]
[Site "Xinghua"]
[Date "2019.05.14"]
[Round "4.9"]
[White "Qiu, Mengjie"]
[Black "Xiao, Yiyi"]
[Result "0-1"]
[ECO "C48"]
[WhiteElo "2219"]
[BlackElo "2290"]
[Annotator "NA RC"]
[PlyCount "116"]
[EventDate "2019.05.11"]
[EventType "tourn"]
[EventCountry "CHN"]
[SourceTitle "playchess.com"]
[Source "ChessBase"]
[SourceQuality "1"]
[TimeControl "5400+30"]

1. e4 e5 2. Nf3 Nc6 3. Nc3 Nf6 4. Bb5 Nd4 5. Nxd4 exd4 6. e5 dxc3 7. exf6 Qxf6 8. dxc3 c6 9. Bd3 d5 10. O-O Be6 11. Be3 Bd6 12. Qh5 g6 13. Bg5 Qxc3 14. bxc3 gxh5 15. Bf6 Rg8 16. Rab1 b6 17. Bxh7 Rg4 18. g3 Ra4 19. f4 Bh3 20. Rfe1+ Kd7 21. Rbd1 b5 22. Be5 Rxa2 23. Bxd6 Kxd6 24. Re5 f6 25. Re3 f5 26. Bg6 Rxc2 27. Bxh5 a5 28. Bf7 Kc5 29. Be8 a4 30. Re6 Ra6 31. Rh6 a3 32. Rxh3 a2 33. Rh6 Rb2 34. Re6 Rb1 35. Ree1 Rxd1 36. Rxd1 a1=Q 37. Rxa1 Rxa1+ 38. Kf2 Ra2+ 39. Kg1 Kd6 40. h4 Ra8 41. Bh5 c5 42. Kf2 Ra3 43. Be2 b4 44. cxb4 cxb4 45. h5 Ke6 46. g4 fxg4 47. Bxg4+ Kf6 48. Ke1 Rc3 49. Kd2 Rc4 50. Bd1 Rxf4 51. Kc2 Rf1 52. Bg4 Ke5 53. Kb3 Rb1+ 54. Ka4 Kd4 55. Be6 Kc4 56. Ka5 b3 57. Bf5 Rh1 58. Bg6 b2 0-1

[Event "CHN-chW 2019"]
[Site "Xinghua"]
[Date "2019.05.15"]
[Round "5.7"]
[White "Shen, Yang"]
[Black "Guo, Qi"]
[Result "1/2-1/2"]
[ECO "D75"]
[WhiteElo "2449"]
[BlackElo "2361"]
[Annotator "RC"]
[PlyCount "56"]
[EventDate "2019.05.11"]
[EventType "tourn"]
[EventCountry "CHN"]
[SourceTitle "playchess.com"]
[Source "ChessBase"]
[SourceQuality "1"]
[TimeControl "5400+30"]

1. c4 Nf6 2. Nf3 g6 3. g3 c5 4. Bg2 Bg7 5. Nc3 d5 6. cxd5 Nxd5 7. d4 Nc6 8. O-O O-O 9. Nxd5 Qxd5 10. Be3 cxd4 11. Nxd4 Qa5 12. Nxc6 bxc6 13. Bxc6 Rb8 14. Qd5 Qxd5 15. Bxd5 Rxb2 16. Bxa7 Bb7 17. Bc4 Ra8 18. Be3 Ba6 19. Bxa6 Rxa6 20. a4 Be5 21. Rfd1 Rxe2 22. Ra3 Bd6 23. Raa1 Be5 24. Rd8+ Kg7 25. Ra3 Bd6 26. Ra1 Be5 27. Ra3 Bd6 28. Ra1 Be5 1/2-1/2

[Event "CHN-chW 2019"]
[Site "Xinghua"]
[Date "2019.05.15"]
[Round "5.10"]
[White "Xiao, Yiyi"]
[Black "Ning, Kaiyu"]
[Result "1-0"]
[ECO "E04"]
[WhiteElo "2290"]
[BlackElo "2256"]
[Annotator "NA RC"]
[PlyCount "77"]
[EventDate "2019.05.11"]
[EventType "tourn"]
[EventCountry "CHN"]
[SourceTitle "playchess.com"]
[Source "ChessBase"]
[SourceQuality "1"]
[TimeControl "5400+30"]

1. d4 d5 2. c4 e6 3. Nf3 Nf6 4. g3 dxc4 5. Bg2 Nc6 6. Qa4 Bb4+ 7. Bd2 Nd5 8. Bxb4 Ndxb4 9. O-O Rb8 10. Nc3 a6 11. Ne5 O-O {[%emt 0:00:08] E04: Open Catalan: 5 Nf3} 12. Bxc6 Nxc6 13. Nxc6 bxc6 14. Qxc4 Qd6 15. e3 (15. b3 Rb4 16. Ne4 Qxd4 17. Qxd4 Rxd4 18. f3 e5 19. Kf2 {½-½ (39) Bluebaum,M (2642)-Lupulescu,C (2609) Germany 2016}) 15... Rxb2 16. Rab1 Rb6 17. Rfc1 e5 18. Ne4 $146 ({Predecessor:} 18. Rxb6 cxb6 19. dxe5 Qxe5 20. Qxc6 Qa5 21. Nd5 Be6 {½-½ (21) Tabunchik,V (2399)-Hansen,P (2337) ICCF corr 2009}) 18... Qe6 19. Qxe6 Bxe6 20. dxe5 Bxa2 21. Ra1 $11 Rb2 22. Nc5 Rd8 23. Na4 Rbd2 24. Nc3 Bb3 25. Rxa6 c5 26. Rc6 c4 27. Rxc7 h6 28. Kg2 R8d3 29. Kf3 Rb2 30. Ne4 Rd5 31. Kf4 Ra2 32. h4 Raa5 33. Rc8+ Kh7 34. Re8 Ra7 35. h5 Ba4 36. Ra1 Rda5 37. Rc8 f6 38. exf6 Rxh5 39. Rxa4 1-0

[Event "CHN-chW 2019"]
[Site "Xinghua"]
[Date "2019.05.16"]
[Round "6.9"]
[White "Ning, Kaiyu"]
[Black "Zhai, Mo"]
[Result "1/2-1/2"]
[ECO "E05"]
[WhiteElo "2256"]
[BlackElo "2365"]
[Annotator "NA RC"]
[PlyCount "90"]
[EventDate "2019.05.11"]
[EventType "tourn"]
[EventCountry "CHN"]
[SourceTitle "playchess.com"]
[Source "ChessBase"]
[SourceQuality "1"]
[TimeControl "5400+30"]

1. d4 Nf6 2. c4 e6 3. g3 d5 4. Bg2 Be7 5. Nf3 O-O 6. O-O dxc4 7. Ne5 Nc6 8. Bxc6 bxc6 9. Nxc6 Qe8 10. Nxe7+ Qxe7 11. Qa4 c5 12. Qa3 Bb7 13. Nc3 $14 Qc7 14. dxc5 Rfc8 15. Rd1 h6 16. f3 Qxc5+ 17. Qxc5 Rxc5 18. Be3 Rcc8 19. Rd2 Nd5 20. Nxd5 Bxd5 21. Bd4 Bc6 22. Rc1 Bb5 23. Bc3 Ba4 24. Rd4 Rab8 25. Kf2 f6 26. Rd6 Rb6 27. Rxb6 axb6 28. Bb4 Kf7 29. Rc3 h5 30. f4 Kg6 31. e4 Bb5 32. Rc2 Ra8 33. a3 Rd8 34. Rd2 Rxd2+ 35. Bxd2 Bc6 36. Ke3 e5 37. Bc3 Kf7 38. fxe5 fxe5 39. Bxe5 g5 40. h4 gxh4 41. gxh4 Ke6 42. Bc7 b5 43. Kd4 Bd7 44. Kc5 Be8 45. Kb6 Bd7 1/2-1/2

[Event "CHN-chW 2019"]
[Site "Xinghua"]
[Date "2019.05.18"]
[Round "7.9"]
[White "Xiao, Yiyi"]
[Black "Huang, Qian"]
[Result "1/2-1/2"]
[ECO "D45"]
[WhiteElo "2290"]
[BlackElo "2440"]
[Annotator "RC"]
[PlyCount "126"]
[EventDate "2019.05.11"]
[EventType "tourn"]
[EventCountry "CHN"]
[SourceTitle "playchess.com"]
[Source "ChessBase"]
[SourceQuality "1"]
[TimeControl "5400+30"]

1. d4 d5 2. c4 c6 3. Nc3 Nf6 4. e3 e6 5. Nf3 a6 6. Qc2 c5 7. cxd5 exd5 8. Be2 Nc6 9. O-O Be6 10. Rd1 cxd4 11. Nxd4 Nxd4 12. exd4 Bd6 13. Bf3 h6 14. Qb3 Rb8 15. Ne2 O-O 16. Bf4 Ne4 17. Bxe4 dxe4 18. d5 Bf5 19. Qg3 Bxf4 20. Qxf4 Bg6 21. Nc3 Qg5 22. Qxg5 hxg5 23. d6 Rbd8 24. Nd5 Kh7 25. Nb6 f5 26. Rd4 Rf6 27. Rad1 Bh5 28. f3 exf3 29. gxf3 Bxf3 30. R1d2 Re6 31. Na4 Re5 32. b4 Bc6 33. Nc5 a5 34. Nd3 Re6 35. Nc5 Re5 36. Nd3 Re4 37. Nc5 Rxd4 38. Rxd4 axb4 39. Ne6 Re8 40. d7 Bxd7 41. Nxg5+ Kg6 42. Rxd7 Kxg5 43. Rxg7+ Kf4 44. Rxb7 Kf3 45. Kf1 Rc8 46. Ke1 Rc1+ 47. Kd2 Ra1 48. h4 Rxa2+ 49. Kd3 Ra3+ 50. Kd4 f4 51. h5 Ra5 52. h6 Rh5 53. h7 Kg2 54. Ke4 f3 55. Rg7+ Kf2 56. Rf7 Ke2 57. Rxf3 Rh4+ 58. Rf4 Rxh7 59. Kd4 Rb7 60. Rh4 Kd1 61. Kc4 Kc2 62. Rh2+ Kc1 63. Kb3 Rb8 1/2-1/2

[Event "CHN-chW 2019"]
[Site "Xinghua"]
[Date "2019.05.18"]
[Round "7.11"]
[White "Chu, Ruotong"]
[Black "Ning, Kaiyu"]
[Result "1-0"]
[ECO "A09"]
[WhiteElo "2180"]
[BlackElo "2256"]
[Annotator "NA RC"]
[PlyCount "157"]
[EventDate "2019.05.11"]
[EventType "tourn"]
[EventCountry "CHN"]
[SourceTitle "playchess.com"]
[Source "ChessBase"]
[SourceQuality "1"]
[TimeControl "5400+30"]

1. Nf3 d5 2. c4 d4 3. e3 Nc6 4. exd4 Nxd4 5. Nxd4 Qxd4 6. Nc3 c6 7. d3 Nh6 {[%emt 0:08:59] A09: Réti Opening: 1 Nf3 d5 2 c4} 8. Be3 Qd8 9. d4 Nf5 10. Be2 g6 11. Qd2 Bg7 12. O-O-O Qc7 $146 ({Predecessor:} 12... O-O 13. h4 c5 14. dxc5 Qa5 15. h5 {0-1 (24) Dzhakaev,D (2478)-Navara,D (2722) Pardubice 2011}) 13. Bf4 Qa5 14. Be5 f6 15. Bf4 O-O 16. d5 c5 17. Kb1 Nd4 18. Bd3 e5 19. dxe6 Bxe6 20. Ne2 Qxd2 21. Rxd2 Rad8 22. Nxd4 cxd4 23. Re1 Kf7 24. Rde2 Rfe8 25. h4 Bd7 26. Rxe8 Rxe8 27. Rxe8 Kxe8 28. Be4 Bc8 29. Kc2 f5 30. Bd5 d3+ 31. Kc1 Bf6 32. g3 b6 33. b3 Bc3 34. Bg2 Ke7 35. Bd2 Bd4 36. Be3 Bc3 37. Bf1 Ke6 38. Bxd3 Bb7 39. a3 Bc6 40. b4 Bf6 41. b5 Bb7 42. c5 Be7 43. c6 Bxa3+ 44. Kc2 Bc8 45. Bc4+ Ke7 46. Bg5+ Ke8 47. Kd3 Bc5 48. Ke2 Bf8 49. Bf4 h6 50. Bb8 Kd8 51. Bf4 Ke7 52. Be5 g5 53. Kd3 Ke8 54. Bb8 Kd8 55. Be5 $2 ({Less strong is} 55. Bxa7 Kc7 $16) (55. h5 $18) 55... Ke8 $1 56. f3 Bc5 $2 (56... gxh4 {was called for.} 57. gxh4 h5) 57. Bg7 f4 {[%emt 0:00:00] [#]} 58. Be5 $1 Bf2 $2 (58... fxg3 $16 {is tougher.} 59. Bxg3 Bf5+ 60. Kd2 Bb4+ 61. Ke2 Kd8) 59. g4 $2 (59. hxg5 hxg5 60. gxf4 Bf5+ 61. Kc3 gxf4 62. Bxf4) 59... gxh4 60. Bxf4 Bg1 61. Ke2 Ke7 (61... h5 $142 62. gxh5 h3) 62. Kf1 Bd4 63. Kg2 Bf6 64. Bxh6 Kd6 65. Bd3 Be6 66. Kh3 Kc7 67. Bf4+ Kc8 68. Bd6 Kd8 69. f4 Kc8 70. f5 Bd5 71. Bf4 a5 72. bxa6 Bxc6 73. g5 Bh8 74. f6 Kd7 75. Be5 Ke6 76. f7 Kxf7 77. Bxh8 b5 78. g6+ Kg8 79. Bc3 1-0

[Event "CHN-chW 2019"]
[Site "Xinghua"]
[Date "2019.05.20"]
[Round "9.8"]
[White "Xiao, Yiyi"]
[Black "Zhu, Jiner"]
[Result "1/2-1/2"]
[ECO "A45"]
[WhiteElo "2290"]
[BlackElo "2439"]
[Annotator "ChessBase"]
[PlyCount "83"]
[EventDate "2019.05.11"]
[EventType "tourn"]
[EventCountry "CHN"]
[SourceTitle "playchess.com"]
[Source "ChessBase"]
[SourceQuality "1"]
[TimeControl "5400+30"]

1. d4 Nf6 2. Bg5 g6 3. Bxf6 exf6 4. e3 d5 5. g3 Bg7 6. Bg2 O-O 7. Ne2 c6 8. O-O f5 9. c4 dxc4 10. Na3 Nd7 11. Nxc4 Nb6 12. Na5 Qe7 13. Qd2 Be6 14. Nf4 h5 15. h4 Rad8 16. Qe2 Nd5 17. Nxe6 fxe6 18. Nc4 e5 19. dxe5 Bxe5 20. Nxe5 Qxe5 21. Rad1 Rd6 22. Rd2 Rfd8 23. e4 fxe4 24. Qxe4 Qxe4 25. Bxe4 Ne7 26. Re2 Rd2 27. Rfe1 Rxe2 28. Rxe2 Rd4 29. Kf1 Kf7 30. Ke1 a5 31. Bc2 Kf6 32. Rd2 Ke5 33. Rxd4 Kxd4 34. Ke2 b5 35. Kf3 Ke5 36. g4 c5 37. Kg3 c4 38. f4+ Kf6 39. f5 gxf5 40. gxh5 Nd5 41. Kf3 c3 42. bxc3 1/2-1/2

[Event "CHN-chW 2019"]
[Site "Xinghua"]
[Date "2019.05.20"]
[Round "9.10"]
[White "Chu, Ruotong"]
[Black "Huang, Qian"]
[Result "1/2-1/2"]
[ECO "E72"]
[WhiteElo "2180"]
[BlackElo "2440"]
[Annotator "RC"]
[PlyCount "62"]
[EventDate "2019.05.11"]
[EventType "tourn"]
[EventCountry "CHN"]
[SourceTitle "playchess.com"]
[Source "ChessBase"]
[SourceQuality "1"]
[TimeControl "5400+30"]

1. d4 c5 2. d5 e5 3. c4 d6 4. e4 g6 5. Nc3 Bg7 6. g3 Nf6 7. Bg2 O-O 8. Nge2 Bd7 9. O-O Qc8 10. f4 Ne8 11. fxe5 dxe5 12. Be3 Nd6 13. b3 b6 14. Qd2 Bh3 15. Bh6 Bxg2 16. Kxg2 Nd7 17. a4 a6 18. Nc1 Bxh6 19. Qxh6 b5 20. axb5 axb5 21. Rxa8 Qxa8 22. cxb5 Qa5 23. Qe3 Nxb5 24. Nxb5 Qxb5 25. Qc3 f6 26. Rf2 Rb8 27. Rc2 Kg7 28. g4 h6 29. Nd3 Qxb3 30. Qxb3 Rxb3 31. Nxc5 Nxc5 1/2-1/2

[Event "CHN-chW 2019"]
[Site "Xinghua"]
[Date "2019.05.22"]
[Round "11.7"]
[White "Xiao, Yiyi"]
[Black "Guo, Qi"]
[Result "1/2-1/2"]
[ECO "E04"]
[WhiteElo "2290"]
[BlackElo "2361"]
[Annotator "ChessBase"]
[PlyCount "61"]
[EventDate "2019.05.11"]
[EventType "tourn"]
[EventCountry "CHN"]
[SourceTitle "playchess.com"]
[Source "ChessBase"]
[SourceQuality "1"]
[TimeControl "5400+30"]

1. d4 d5 2. Nf3 Nf6 3. c4 e6 4. g3 dxc4 5. Bg2 c5 6. O-O Nc6 7. dxc5 Qxd1 8. Rxd1 Bxc5 9. Nbd2 c3 10. bxc3 O-O 11. Nb3 Be7 12. Nfd4 Bd7 13. Bg5 Rac8 14. Nb5 Rfd8 15. Nd6 Bxd6 16. Rxd6 Be8 17. Rad1 Rxd6 18. Rxd6 b6 19. Bf4 h6 20. Rd2 Ng4 21. c4 Nge5 22. c5 bxc5 23. Nxc5 g5 24. Bxc6 Nxc6 25. Be3 Rd8 26. Rxd8 Nxd8 27. Ne4 Bc6 28. Nd6 a6 29. Bb6 Nb7 30. Nxb7 Bxb7 31. f3 1/2-1/2

[Event "CHN-chW 2019"]
[Site "Xinghua"]
[Date "2019.05.22"]
[Round "11.8"]
[White "Zhai, Mo"]
[Black "Ren, Xiaoyi"]
[Result "1-0"]
[ECO "E04"]
[WhiteElo "2365"]
[BlackElo "2261"]
[Annotator "ChessBase"]
[PlyCount "38"]
[EventDate "2019.05.11"]
[EventType "tourn"]
[EventCountry "CHN"]
[SourceTitle "playchess.com"]
[Source "ChessBase"]
[SourceQuality "1"]
[TimeControl "5400+30"]

1. c4 Nf6 2. d4 e6 3. Nc3 Bb4 4. Nf3 O-O 5. g3 d5 6. Bg2 dxc4 7. O-O Nc6 8. Bg5 Rb8 9. e3 Bxc3 10. bxc3 Qd6 11. Bxf6 gxf6 12. Nd2 Na5 13. Ne4 Qe7 14. Qg4+ Kh8 15. Qh4 Kg7 16. g4 Rg8 17. Ng3 Nc6 18. Nh5+ Kf8 19. Nxf6 Rh8 1-0